 Dungeon Crawl Stone Soup version 0.20-a0-899-g09a9bfb (webtiles) character file.

131259 minicreteconcrete the Warrior (level 17, -23/120 HPs)
             Began as a Gargoyle Fighter on Mar 18, 2017.
             Was a High Priest of Wu Jian.
             Killed by the air
             ... invoked by a spriggan air mage
             ... led by the Enchantress
              (29 damage)
             ... on level 1 of the Depths.
             The game lasted 01:33:14 (26724 turns).

minicreteconcrete the Warrior (Gargoyle Fighter)   Turns: 26724, Time: 01:33:14

Health: -23/120    AC: 41    Str: 26      XL:     17   Next: 9%
Magic:  23/23      EV:  9    Int: 11 (12) God:    Wu Jian [*****.]
Gold:   2003       SH: 14    Dex:  9      Spells: 14/16 levels left

rFire    . . .     SeeInvis +   a - +8 eveningstar of Evil {speed, rPois}
rCold    . . .     Gourm    .   y - +3 plate armour
rNeg     + . .     Faith    +   c - +0 shield
rPois    ∞         Spirit   .   (helmet restricted)
rElec    +         Reflect  .   F - +1 cloak {+Inv}
rCorr    .         Harm     .   D - +2 pair of gloves
MR       ++...     Rnd*Rage +   q - +2 pair of boots
Stlth    ..........             B - amulet of faith
Regen    0.3/turn               O - ring of protection from magic
MPRegen  0.2/turn               I - ring of see invisible

@: about to teleport, flying, slowed, glowing, heaven on earth, very slow
A: big wings, horns 1, rugged brown scales 1, berserk 1, deterioration 2,
negative energy resistance 1, electricity resistance, strong 1, unbreathing,
petrification resistance, rot immunity, AC +12
a: Stop Flying, Serpent's Lash, Heaven On Earth, Renounce Religion, Evoke
Invisibility


You were on level 1 of the Depths.
You worshipped Wu Jian.
Wu Jian was extremely pleased with you.
You were not hungry.

You visited 5 branches of the dungeon, and saw 25 of its levels.
You also visited: Volcano.

You collected 2408 gold pieces.
You spent 405 gold pieces at shops.

Inventory:

Hand Weapons
 a - the +8 eveningstar of Evil (weapon) {speed, rPois}
   (You acquired it on level 6 of the Dungeon)

   Attacks with this weapon are significantly faster.
   It protects you from poison.
 P - the +3 flail of Dim Light {crush, rElec}
   (You found it on level 14 of the Dungeon)

   It inflicts extra damage upon your enemies.
   It insulates you from electricity.
Armour
 c - a +0 shield (worn)
 q - a +2 pair of boots (worn)
 u - a +0 helmet of intelligence
 w - a +0 plate armour of cold resistance
 y - a +3 plate armour (worn)
 D - a +2 pair of gloves (worn)
 F - a +1 cloak of invisibility (worn)
 T - +0 fire dragon scales
Magical Staves
 p - an uncursed staff of air
 W - an uncursed staff of energy
Jewellery
 b - an uncursed ring of wizardry
 h - an uncursed ring of resist corrosion
 n - an uncursed ring of protection from cold
 s - an uncursed ring of ice
 B - an amulet of faith (around neck)
 I - a ring of see invisible (left hand)
 O - a ring of protection from magic (right hand)
Wands
 x - a wand of scattershot (3/9)
 A - a wand of iceblast (5/15)
 Q - a wand of disintegration (3/24)
 R - a wand of iceblast (5/15)
 S - a wand of digging (11/24)
Scrolls
 e - 8 scrolls of remove curse
 j - 10 scrolls of teleportation
 k - a scroll of silence
 l - 3 scrolls of magic mapping
 m - 3 scrolls of identify
 t - 4 scrolls of immolation
 z - 6 scrolls of blinking
 E - 2 scrolls of recharging
 G - 5 scrolls of fear
 J - 5 scrolls of enchant armour
 X - 3 scrolls of fog
Potions
 d - 4 potions of might
 i - 8 potions of curing
 r - 2 potions of heal wounds
 v - 2 potions of berserk rage
 H - a potion of brilliance
 L - 2 potions of agility
 M - 5 potions of lignification
 N - 5 potions of magic
 V - a potion of resistance {resist?}
 Y - a potion of cancellation
 Z - 2 potions of haste
Miscellaneous
 K - a fan of gales (inert)
Comestibles
 f - 10 bread rations
 g - 10 meat rations
 o - 11 royal jellies
 C - 17 fruits
 U - 4 chunks of flesh


   Skills:
 - Level 17.0 Fighting
 + Level 14.5 Maces & Flails
 - Level 12.2 Armour
 - Level 5.0 Dodging
 - Level 15.3 Shields
 - Level 0.6 Unarmed Combat
 - Level 9.2 Evocations


You had 14 spell levels left.
You knew the following spells:

 Your Spells              Type           Power        Failure   Level  Hunger
a - Blink                 Tloc           N/A          100%        2    ###....


Dungeon Overview and Level Annotations

Branches:
Dungeon (15/15)            Temple (1/1) D:7            Lair (6/6) D:10
 Shoals (0/4) Lair:3        Snake (0/4) Lair:3        Slime (0/5) Lair:6
    Orc (2/2) D:9             Elf (0/3) Orc:2        Vaults (0/5) D:13
 Depths (1/5) D:15

Altars:
Ashenzari
Cheibriados
Dithmenos
Elyvilon
Fedhas
Gozag
Hepliaklqana
Kikubaaqudgha
Makhleb
Nemelex Xobeh
Okawaru
Qazlal
Ru
Sif Muna
Trog
Uskayaw
Vehumet
Wu Jian
Xom
Yredelemnul
Zin
The Shining One
Jiyva

Shops:
D:4 !   D:5 [   D:6 [   D:11 %   Orc:2 ([*:

Annotations:
Depths:1 Saint Roka, the Enchantress


Innate Abilities, Weirdness & Mutations

You are resistant to torment.
Your stone body is resilient. (AC +12)
You are immune to poison.
Your large and strong wings let you fly indefinitely.
You resist negative energy. (rN+)
You are resistant to electric shocks. (rElec)
You can survive without breathing.
You are immune to petrification.
You are immune to rotting.
You have a pair of small horns on your head.
You are partially covered in rugged brown scales. (AC +1, +3% HP)
You tend to lose your temper in combat.
Your body often deteriorates upon taking damage.
Your muscles are strong. (Str +2)


Message History

* * * LOW HITPOINT WARNING * * *
The spriggan rider completely misses you.
You block the spriggan defender's attack.
Unknown command.
You attack the spriggan defender from above.
You bludgeon the spriggan defender!!
The spriggan defender is moderately wounded.
You repeatedly attack the spriggan defender from above.
You hammer the spriggan defender like a gong!!!
The spriggan defender is severely wounded.
You barely miss the spriggan defender.
The spriggan defender is severely wounded.
The spriggan defender hits you with a demon whip of pain.
* * * LOW HITPOINT WARNING * * *
You writhe in agony.
* * * LOW HITPOINT WARNING * * *
The spriggan defender hits you but does no damage.
The spriggan air mage waves its arms in wide circles.
The air twists around and violently strikes you in flight!
You die...

#...........##..........#........
....##..##).##....##....#........
....##..##...)....####'##........
....######.))#....W.....'........
....######...##...##....#........
....##..#(..########....#........
....##..i...§ii§§§#.....+.......[
.....).(.i..§§iiii#.....#..#.###.
........##.##§§§@§##....#..#...#.
..)#....##.##§§§§§####+##..###.#.
...#....#####)§§§§§.... #........
...#....##.#.§§.§§§.... #..###.#.
...#....##.§........... #..#.#...
...#..............##... #..#.###.
...#.(.....#..#...# ... #........
...#.......####...# #........
...'.......####...## #######[#


You could see the Enchantress (invisible), 2 spriggan defenders, a spriggan
rider and a spriggan air mage.

Vanquished Creatures
  Asterion (Depths:1)
  The ghost of Malvoorn the Spry, an adept MfSk of Ashenzari (Depths:1)
  A frost giant (Depths:1)
  2 orc warlords
  5 very ugly things (Depths:1)
  2 entropy weavers (Lair:6)
  An ettin (D:15)
  3 jiangshi (Depths:1)
  A great orb of eyes (Lair:6)
  A fire dragon (Depths:1)
  Josephine (D:10)
  3 catoblepae (Lair:6)
  3 hydras
  Fannar (D:12)
  3 centaur warriors
  The ghost of 4thArraOfDagon the Fighter, a novice DgWn (D:14)
  24 death yaks
  4 ogre magi
  A queen ant (Lair:6)
  2 tengu warriors (D:13)
  9 two-headed ogres
  Erica (Lair:1)
  A vampire mage (Depths:1)
  5 orc high priests
  Urug (Lair:5)
  Sonja (D:14)
  5 skeletal warriors (D:14)
  A shadow wraith (D:13)
  An unseen horror (D:13)
  A deep elf archer (D:15)
  A deep troll (D:15)
  A tengu zombie (Depths:1)
  3 lindwurms
  5 orc knights
  8 ugly things
  A necromancer (D:13)
  4 orc sorcerers
  4 deep elf magi
  A cyclops (D:15)
  2 toenail golems (Volcano)
  A merfolk siren (Lair:3)
  3 manticores
  6 black mambas
  An ice statue (D:13)
  3 elephants (Lair:6)
  2 molten gargoyles (Volcano)
  Maurice (D:8)
  A gargoyle (D:15)
  2 kobold demonologists
  10 komodo dragons
  13 spiny frogs
  4 efreet
  A rime drake (shapeshifter) (Depths:1)
  3 rime drakes
  A freezing wraith (D:14)
  A queen bee (shapeshifter) (D:13)
  2 tengu conjurers
  A merfolk (D:12)
  The ghost of Sapher the Chopper, an amateur DDGl (D:6)
  2 hornets
  A tengu simulacrum (Depths:1)
  3 trolls
  4 polar bears
  3 meliai (D:13)
  26 blink frogs
  A slime creature (Depths:1)
  4 hippogriffs
  4 dream sheep (Lair:6)
  A harpy skeleton (D:12)
  A stone giant simulacrum (Depths:1)
  An ice dragon skeleton (Depths:1)
  A human (shapeshifter) (D:15)
  7 wyverns
  6 wraiths
  Grum (D:10)
  57 yaks
  8 fire elementals (Volcano)
  Eustachio (D:5)
  2 basilisks
  7 vampire mosquitoes
  5 hungry ghosts
  Menkaure (D:5)
  4 nagas (Lair:3)
  4 wargs
  18 water moccasins
  Edmund (D:4)
  3 acid dragons
  6 soldier ants
  11 porcupines
  Duvessa (D:4)
  26 orc warriors
  3 sky beasts
  4 ice beasts
  19 ogres
  2 phantoms
  20 wolves
  13 centaurs
  2 necrophages
  8 crocodiles
  7 big kobolds
  17 bullfrogs
  A gnoll sergeant (D:4)
  Dowan (D:4)
  2 earth elementals (Volcano)
  A water moccasin zombie (D:7)
  3 scorpions
  2 howler monkeys
  12 wights
  A centaur zombie (D:11)
  2 electric eels (Lair:4)
  2 bullfrog zombies
  A quasit (D:14)
  5 crimson imps
  6 hounds
  3 iron imps (D:9)
  Crazy Yiuf (D:5)
  5 jellies
  26 orc priests
  A bullfrog skeleton (D:7)
  A centaur skeleton (D:10)
  33 orc wizards
  7 iguanas
  16 worker ants
  Terence (D:3)
  A killer bee zombie (D:6)
  A hound zombie (D:7)
  3 hound skeletons
  A worker ant zombie (D:5)
  18 gnolls
  A howler monkey skeleton (D:6)
  10 adders
  2 shadow imps
  12 white imps (Lair:2)
  2 oozes
  2 adder skeletons
  An adder zombie (D:9)
  4 worms
  3 leopard geckos
  80 orcs
  7 bats
  A bat zombie (D:4)
  7 giant cockroaches
  9 hobgoblins
  4 jackals
  4 quokkas
  4 frilled lizards
  6 goblins
  A jackal zombie (D:7)
  22 kobolds
  A leopard gecko skeleton (D:6)
  A quokka skeleton (D:7)
  7 rats
  2 plants
840 creatures vanquished.

Vanquished Creatures (others)
  A warg (Orc:1)
  14 fungi
  16 plants
31 creatures vanquished.

Grand Total: 871 creatures vanquished

Notes
Turn   | Place    | Note
-------+----------+-------------------------------------------
     0 | D:1      | minicreteconcrete the Gargoyle Fighter began the quest for the Orb.
     0 | D:1      | Reached XP level 1. HP: 14/14 MP: 1/1
   146 | D:1      | Reached XP level 2. HP: 19/19 MP: 2/2
   976 | D:2      | Found a sacrificial altar of Ru.
  1198 | D:2      | Reached XP level 3. HP: 22/24 MP: 3/3
  1454 | D:2      | Found an iron altar of Okawaru.
  1455 | D:2      | Found a stormy altar of Qazlal.
  1455 | D:2      | Found a snail-covered altar of Cheibriados.
  1494 | D:2      | Found a sparkling altar of Nemelex Xobeh.
  1681 | D:2      | Found a radiant altar of Vehumet.
  1822 | D:3      | Reached XP level 4. HP: 29/29 MP: 4/4
  1941 | D:3      | Found a white marble altar of Elyvilon.
  1945 | D:3      | Noticed Terence
  1966 | D:3      | Killed Terence
  2293 | D:3      | Reached XP level 5. HP: 33/33 MP: 5/5
  2716 | D:4      | Noticed an ogre
  2724 | D:4      | Killed an ogre
  2724 | D:4      | Reached skill level 4 in Fighting
  2809 | D:4      | Found a glowing silver altar of Zin.
  2809 | D:4      | Noticed an angel
  2838 | D:4      | Found Coqoc's Distillery.
  2870 | D:4      | Reached XP level 6. HP: 34/38 MP: 6/6
  2914 | D:4      | Noticed Duvessa
  2960 | D:4      | Killed Duvessa
  2967 | D:4      | Noticed Dowan
  2970 | D:4      | Killed Dowan
  3035 | D:4      | Found a shadowy altar of Dithmenos.
  3307 | D:4      | Noticed Edmund
  3320 | D:4      | Killed Edmund
  3320 | D:4      | Reached skill level 5 in Maces & Flails
  3320 | D:4      | Reached skill level 1 in Dodging
  3320 | D:4      | Reached skill level 5 in Shields
  3320 | D:4      | Reached XP level 7. HP: 33/44 MP: 7/7
  3667 | D:4      | Found an ancient bone altar of Kikubaaqudgha.
  3859 | D:5      | Entered Level 5 of the Dungeon
  4129 | D:5      | Found a runed door.
  4133 | D:5      | Noticed Crazy Yiuf
  4138 | D:5      | Killed Crazy Yiuf
  4138 | D:5      | Reached XP level 8. HP: 38/48 MP: 8/8
  4397 | D:5      | Reached skill level 5 in Fighting
  4500 | D:5      | Reached skill level 5 in Armour
  4560 | D:5      | Reached skill level 1 in Evocations
  4674 | D:5      | Noticed Menkaure
  4685 | D:5      | Killed Menkaure
  4798 | D:5      | Found Ijiap's Armour Shoppe.
  4798 | D:5      | Noticed Eustachio
  4818 | D:5      | Killed Eustachio
  5044 | D:6      | Reached XP level 9. HP: 42/55 MP: 10/10
  5172 | D:6      | Noticed Sapher's ghost (amateur DDGl)
  5217 | D:6      | Found Kusying's Armour Emporium.
  5271 | D:6      | Killed Sapher's ghost
  6032 | D:6      | Identified a scroll of acquirement
  6033 | D:6      | Got a bloodstained eveningstar
  6034 | D:6      | Identified the +8 eveningstar of Evil {speed, rPois} (You acquired it on level 6 of the Dungeon)
  6588 | D:7      | Learned a level 2 spell: Blink
  6791 | D:7      | Found a staircase to the Ecumenical Temple.
  6797 | Temple   | Entered the Ecumenical Temple
  6848 | Temple   | Became a worshipper of the Wu Jian Council
  7084 | D:8      | Reached skill level 10 in Maces & Flails
  7084 | D:8      | Reached XP level 10. HP: 50/60 MP: 12/12
  7225 | D:8      | Noticed Maurice
  7242 | D:8      | Killed Maurice
  7927 | D:9      | Found a deep blue altar of Sif Muna.
  7929 | D:9      | Reached * piety under Wu Jian
  8181 | D:9      | Found a staircase to the Orcish Mines.
  8269 | D:9      | Found a sparkling altar of Nemelex Xobeh.
  8411 | D:9      | Noticed a two-headed ogre
  8421 | D:9      | Killed a two-headed ogre
  8527 | D:9      | Found a white marble altar of Elyvilon.
  8648 | D:9      | Found a burning altar of Makhleb.
  8664 | D:9      | Reached ** piety under Wu Jian
  8765 | D:9      | Found a basalt altar of Yredelemnul.
  8841 | D:10     | Entered Level 10 of the Dungeon
  8893 | D:10     | Noticed Grum
  8912 | D:10     | Killed Grum
  8912 | D:10     | Reached XP level 11. HP: 64/64 MP: 13/13
  9000 | D:10     | Noticed Josephine
  9021 | D:10     | Killed Josephine
  9433 | D:10     | Noticed a two-headed ogre
  9439 | D:10     | Killed a two-headed ogre
  9557 | D:10     | Reached skill level 6 in Fighting
  9706 | D:10     | Found a staircase to the Lair.
  9751 | D:10     | Reached *** piety under Wu Jian
  9810 | D:11     | Noticed a brown ugly thing
  9839 | D:11     | Killed a brown ugly thing
 10118 | D:11     | Noticed a two-headed ogre
 10123 | D:11     | Killed a two-headed ogre
 10255 | D:11     | Found Adwin's Food Boutique.
 10769 | D:12     | Noticed Fannar
 10780 | D:12     | Killed Fannar
 10832 | D:12     | Reached skill level 10 in Shields
 10844 | D:12     | Reached XP level 12. HP: 69/70 MP: 14/14
 10870 | D:12     | Gained mutation: You have a pair of small horns on your head. [mutagenic meat]
 10871 | D:12     | Gained mutation: You evolve. [mutagenic meat]
 11108 | D:12     | Noticed a two-headed ogre
 11112 | D:12     | Noticed a two-headed ogre
 11114 | D:12     | Killed a two-headed ogre
 11124 | D:12     | Killed a two-headed ogre
 11138 | D:12     | Noticed an ogre mage
 11163 | D:12     | Killed an ogre mage
 11694 | D:13     | Noticed a tengu warrior
 11795 | Lair:1   | Entered Level 1 of the Lair of Beasts
 11887 | Lair:1   | Gained mutation: You are surrounded by a mild repulsion field. (EV +2) [evolution]
 11966 | Lair:1   | Got a heavily runed buckler
 11977 | Lair:1   | Identified the +3 buckler "Cetaox" {SInv} (You acquired it on level 1 of the Lair of Beasts)
 12157 | Lair:1   | Reached **** piety under Wu Jian
 12317 | Lair:1   | Noticed Erica
 12325 | Lair:1   | Killed Erica
 12581 | Lair:1   | Lost mutation: You evolve. [end of evolution]
 12918 | Lair:2   | Found a dark tunnel.
 12924 | Volcano  | Entered a volcano
 12956 | Volcano  | Reached XP level 13. HP: 57/74 MP: 15/15
 12965 | Volcano  | Lost mutation: You have a pair of small horns on your head. [potion of mutation]
 12965 | Volcano  | Lost mutation: You are surrounded by a mild repulsion field. (EV +2) [potion of mutation]
 12965 | Volcano  | Gained mutation: You tend to lose your temper in combat. [potion of mutation]
 12965 | Volcano  | Gained mutation: Your body sometimes deteriorates upon taking damage. [potion of mutation]
 12965 | Volcano  | Gained mutation: Your muscles are strong. (Str +2) [potion of mutation]
 13590 | Volcano  | Reached skill level 15 in Shields
 13909 | Lair:2   | Reached ***** piety under Wu Jian
 13918 | Lair:2   | Reached skill level 7 in Fighting
 14148 | Lair:2   | Got a bronze chain mail
 14159 | Lair:2   | Identified the cursed +0 chain mail "Peoluoh" {rF+} (You found it on level 2 of the Lair of Beasts)
 14932 | Lair:3   | Found a staircase to the Snake Pit.
 15339 | Lair:3   | Found a staircase to the Shoals.
 15539 | Lair:3   | Reached skill level 8 in Fighting
 16118 | Lair:4   | Reached skill level 5 in Evocations
 16549 | Lair:4   | Reached skill level 9 in Fighting
 16631 | Lair:4   | Gained mutation: Your large and strong wings let you fly indefinitely. [Gargoyle growth]
 16631 | Lair:4   | Reached XP level 14. HP: 86/86 MP: 17/17
 17105 | Lair:5   | Reached ****** piety under Wu Jian
 17321 | Lair:5   | Reached skill level 10 in Fighting
 17743 | Lair:5   | Noticed Urug
 17762 | Lair:5   | Killed Urug
 17762 | Lair:5   | Reached skill level 11 in Fighting
 18223 | Lair:6   | Entered Level 6 of the Lair of Beasts
 18246 | Lair:6   | Identified the +4 scimitar of Amorality {freeze, rN+ Str+4} (You found it on level 6 of the Lair of Beasts)
 18472 | Lair:6   | Found a viscous altar of Jiyva.
 18473 | Lair:6   | Found a staircase to the Slime Pits.
 18554 | Lair:6   | Reached skill level 10 in Armour
 18676 | Lair:6   | Reached skill level 12 in Fighting
 18817 | Lair:6   | Noticed an entropy weaver
 18822 | Lair:6   | Noticed an entropy weaver
 18838 | Lair:6   | Killed an entropy weaver
 19275 | Lair:6   | Reached XP level 15. HP: 70/97 MP: 19/19
 19732 | Lair:6   | Reached skill level 13 in Fighting
 20687 | Orc:1    | Entered Level 1 of the Orcish Mines
 20721 | Orc:1    | Reached skill level 14 in Fighting
 20827 | Orc:1    | Noticed an orc warlord
 20878 | Orc:1    | Killed an orc warlord
 21209 | Orc:2    | Entered Level 2 of the Orcish Mines
 21283 | Orc:2    | Found a staircase to the Elven Halls.
 21517 | Orc:2    | Noticed an orc warlord
 21791 | Orc:2    | Killed an orc warlord
 21791 | Orc:2    | Reached skill level 5 in Dodging
 22171 | Orc:2    | Found Zeunuem's Antique Armour Emporium.
 22172 | Orc:2    | Found Aqeoxt's Antique Weapon Shoppe.
 22173 | Orc:2    | Found Dojepaoq's General Store.
 22173 | Orc:2    | Found Uschuureohacw's Book Emporium.
 22177 | Orc:2    | Bought a potion of haste for 120 gold pieces
 22177 | Orc:2    | Bought a scroll of silence for 90 gold pieces
 22193 | Orc:2    | Bought a pair of embroidered boots for 195 gold pieces
 22659 | D:13     | Reached XP level 16. HP: 107/107 MP: 22/22
 22669 | D:13     | Reached skill level 15 in Fighting
 22950 | D:13     | Found a gate to the Vaults.
 23554 | D:14     | Noticed 4thArraOfDagon's ghost (novice DgWn)
 23560 | D:14     | Got a dazzling flail
 23561 | D:14     | Identified the +3 flail of Dim Light {crush, rElec} (You found it on level 14 of the Dungeon)
 23580 | D:14     | Killed 4thArraOfDagon's ghost
 23834 | D:14     | Noticed Sonja
 23875 | D:14     | Killed Sonja
 24308 | D:15     | Entered Level 15 of the Dungeon
 24478 | D:15     | Reached skill level 16 in Fighting
 24737 | D:15     | Found a staircase to the Depths.
 25513 | Depths:1 | Entered Level 1 of the Depths
 25559 | Depths:1 | Noticed Saint Roka
 25956 | Depths:1 | Noticed Asterion
 26092 | Depths:1 | Gained mutation: Your body often deteriorates upon taking damage. [a cacodemon]
 26094 | Depths:1 | Killed Asterion
 26264 | Depths:1 | Reached skill level 17 in Fighting
 26379 | Depths:1 | Noticed Malvoorn's ghost (adept MfSk)
 26453 | Depths:1 | Killed Malvoorn's ghost
 26564 | Depths:1 | Reached XP level 17. HP: 117/117 MP: 23/23
 26620 | Depths:1 | Noticed the Enchantress
 26686 | Depths:1 | Gained mutation: You are partially covered in rugged brown scales. (AC +1, +3% HP) [mutagenic meat]
 26687 | Depths:1 | Gained mutation: You have a pair of small horns on your head. [mutagenic meat]
 26724 | Depths:1 | HP: 6/120 [spriggan defender/demon whip of pain[the Enchantress] (3)]
 26724 | Depths:1 | Killed from afar by a spriggan air mage

Vault maps used:
D:1:      lemuel_arrival_cross
D:2:      hangedman_ru_absence, lemuel_doored_altar,
          gammafunk_temple_overflow_forgotten, overflow_temple_1_default
D:3:      serial_bayou_pond_d, elyvilon_altar_5, uniq_terence
D:4:      kennysheep_little_box, lemuel_zombie_altar_kikubaaqudgha, zin_angel,
          serial_shops, shop, uniq_edmund, uniq_duvessa
D:5:      first_bread, serial_shops, shop_fountains, uniq_eustachio,
          uniq_crazy_yiuf_cottage, uniq_menkaure
D:6:      serial_shops, nicolae_shop_trees
D:7:      minmay_temple_entry_fiery
D:8:      uniq_maurice
D:9:      kennysheep_ying_yang, demons_altar, nicolae_overflow_crystal_walls,
          orc_0_dummy, nemelex_dance_club_becter
D:10:     lair_entry_dummy, uniq_grum, uniq_josephine
D:11:     serial_shops, kennysheep_mini
D:12:     hangedman_fish_farm, uniq_fannar
D:13:     lemuel_ice_statue, david_vaults_4
D:14:     nrook_mini_vaults, hangedman_decor_clover_reticule,
          kennysheep_generic_room_14, uniq_sonja
D:15:     hangedman_depths_entry_civil_slaughter, roderic_digamma_sauvastika,
          minmay_unpleasant_kobolds
Temple:   compressed_dpeg_triangle_lava_temple
Lair:1:   infiniplex_staircase_pool_2, grunt_megastairs_1, uniq_erica
Lair:2:   portal_ice_cave_entry_imps, nicolae_volcano_entry_hallway,
          serial_bayou_shore_b, lemuel_fruit_tree
Lair:3:   minmay_shoals_entry_lonely_mermaid,
          minmay_snake_entry_guardpost_medium, hibernation_bobbens
Lair:4:   grunt_megastairs_5, serial_bayou_shore_a
Lair:5:   beast_lair_carwin_5, uniq_urug
Lair:6:   evilmike_catoblepas_cave, dpeg_slime_entry_enclosed_altar,
          wad_woods_antlair, grunt_megastairs_3
Orc:2:    st_orc_congregation, nicolae_orc_crystal_geode
Depths:1: hell_entry, rand_demon_pan_entry_5, hangedman_decor_growths,
          abyss_entry_flame_altar, grunt_ministairs_6, minmay_misc_feat_roman,
          minivault_10, wad_hexagon, uniq_asterion, uniq_saint_roka,
          uniq_enchantress
Volcano:  volcano_aerie

Skill      XL: |  1  2  3  4  5  6  7  8  9 10 11 12 13 14 15 16 |
---------------+-------------------------------------------------+-----
Shields        | 4 5 6 10 14 15 | 15.3
Maces & Flails | 3 4 5 6 7 10 12 14 | 14.5
Fighting       | 4 5 6 9 12 14 17 | 17.0
Armour         | 4 5 6 8 10 12 | 12.2
Dodging        | 1 2 4 5 |  5.0
Evocations     | 2 3 5 6 8 9 |  9.2
Unarmed Combat | |  0.6

Action                   |  1- 3 |  4- 6 |  7- 9 | 10-12 | 13-15 | 16-18 || total
-------------------------+-------+-------+-------+-------+-------+-------++-------
Melee: Flail             |   176 |   174 |   307 |       |       |       ||   657
       Morningstar       |       |    23 |       |       |       |       ||    23
       Unarmed           |       |     2 |       |       |       |       ||     2
       Eveningstar       |       |       |    72 |   607 |  1388 |   613 ||  2680
       Headbutt          |       |       |       |    31 |     2 |       ||    33
Invok: Heaven On Earth   |       |       |       |       |       |     3 ||     3
 Abil: Evoke Invisibilit |       |       |       |     2 |     2 |     1 ||     5
       Fly               |       |       |       |       |     1 |       ||     1
       Turn Visible      |       |       |       |       |       |     1 ||     1
Evoke: Wand              |       |       |       |     1 |    25 |     1 ||    27
       Fan of gales      |       |       |       |       |     1 |     1 ||     2
  Use: Scroll            |       |     8 |     8 |     7 |    17 |     7 ||    47
       Potion            |       |     2 |       |     1 |     4 |       ||     7
 Stab: Invisible         |       |       |       |     4 |     9 |     3 ||    16
       Distracted        |       |       |       |       |       |     1 ||     1
  Eat: Chunk             |     3 |     5 |    13 |    23 |    29 |    13 ||    86
       Royal jelly       |       |       |       |       |     2 |       ||     2
       Fruit             |       |       |       |       |     1 |       ||     1
       Bread ration      |       |       |       |       |       |     1 ||     1
Armor: Scale mail        |    30 |       |       |       |       |       ||    30
       Chain mail        |   101 |   132 |   185 |   164 |    88 |       ||   670
       Skin              |       |     1 |       |       |       |       ||     1
       Fire dragon scale |       |       |       |       |   169 |       ||   169
       Plate armour      |       |       |       |       |    38 |   179 ||   217
Dodge: Dodged            |    49 |    45 |    71 |    69 |   268 |    67 ||   569
Block: Shield            |   112 |    95 |   173 |   166 |   478 |   220 ||  1244
